 Dungeon Crawl Stone Soup version 0.27-a0-1301-g128193abf8 (webtiles) character file.

Game seed: 10622372500929184627

989 pokeman the Thaumaturge (level 7, -6/40 HPs)
             Began as a Deep Elf Hedge Wizard on June 17, 2021.
             Splashed by an acid dragon's acid (12 damage)
             ... on level 5 of the Dungeon.
             The game lasted 00:13:40 (5993 turns).

pokeman the Thaumaturge (Deep Elf Hedge Wizard)     Turns: 5993, Time: 00:13:41

Health: -6/40      AC:  7    Str:  7    XL:     7   Next: 98%
Magic:  15/21      EV: 12    Int: 21    God:
Gold:   65         SH:  0    Dex: 14    Spells: 12/23 levels left

rFire    . . .     SeeInvis .   x - +2 trident (venom)
rCold    . . .     Faith    .   (no shield)
rNeg     . . .     Spirit   .   k - +0 leather armour
rPois    +         Reflect  .   j - +2 helmet
rElec    .         Harm     .   (no cloak)
rCorr    .         Rampage  .   v - +3 pair of gauntlets of War {Slay+5}
Will     .....                  w - +0 pair of boots
Stlth    ++........             (no amulet)
HPRegen  0.13/turn              f - ring of poison resistance
MPRegen  0.17/turn              r - ring of flight

@: corroded, flying
A: no striking features
a: no special abilities


You were on level 5 of the Dungeon.
You visited 1 branch of the dungeon, and saw 5 of its levels.

You collected 128 gold pieces.
You spent 63 gold pieces at shops.

Inventory:

Hand Weapons
 q - the +5 whip "Vaklihadd" {vamp, rN++ Dex-2}
   (You found it on level 5 of the Dungeon)

   It inflicts no extra harm, but heals its wielder when it wounds a living foe.
   It affects your dexterity (-2).
   It greatly protects you from negative energy.
 x - a +2 trident of venom (weapon)
Missiles
 d - 13 bolts
 l - 50 arrows
Armour
 j - a +2 helmet (worn)
 k - a +0 leather armour (worn)
 v - the +3 pair of gauntlets of War (worn) {Slay+5}
   (You found it on level 4 of the Dungeon)

   It affects your accuracy and damage with ranged weapons and melee attacks
   (+5).
 w - a +0 pair of boots (worn)
Jewellery
 f - a ring of poison resistance (left hand)
 r - a ring of flight (right hand)
Wands
 h - a wand of polymorph (11)
Scrolls
 a - a scroll of blinking
 c - 2 scrolls of enchant weapon
 g - a scroll of magic mapping {unknown}
 i - 2 scrolls of amnesia
 m - a scroll of enchant armour {unknown}
 s - a scroll of summoning {unknown}
 u - a scroll of teleportation
Potions
 b - 2 potions of brilliance {unknown}
 e - a potion of curing {unknown}
 n - a potion of heal wounds {unknown}
 o - 2 potions of might {unknown}
 p - a potion of mutation {unknown}
 t - 3 potions of ambrosia {unknown}


   Skills:
 - Level 2.1 Fighting
 + Level 1.1 Armour
 - Level 3.0 Dodging
 - Level 3.3 Stealth
 * Level 8.9 Spellcasting
 + Level 4.5 Conjurations
 - Level 1.1 Summonings
 - Level 1.1 Translocations
 + Level 2.9 Fire Magic
 - Level 1.4 Air Magic
 - Level 1.1 Poison Magic
 + Level 0.4 Evocations


You had 12 spell levels left.
You knew the following spells:

 Your Spells              Type           Power      Damage    Failure   Level
a - Magic Dart            Conj           100%       1d8       1%          1
b - Mephitic Cloud        Conj/Pois/Air  19%        N/A       12%         3
c - Call Imp              Summ           13%        N/A       11%         2
d - Blink                 Tloc           N/A        N/A       11%         2
e - Conjure Flame         Conj/Fire      25%        6-21      7%          3

Your spell library contained the following spells:

 Spells                   Type           Power      Damage    Failure   Level
 Animate Skeleton         Necr           18%        N/A       11%         1
 Pain                     Necr           36%        1d5       11%         1
 Slow                     Hex            9%         N/A       16%         2
 Vampiric Draining        Necr           4%         2d6       32%         3
 Animate Dead             Necr           4%         N/A       71%         4
 Agony                    Necr           9%         N/A       96%         5


Dungeon Overview and Level Annotations

Branches:
Dungeon (5/15)
 Temple: D:4-7

Altars:
Kikubaaqudgha

Shops:
D:4 (*?*   D:5 :


Message History

What are your orders? t - Shout!
Orders for allies: a - Attack new target. r - Retreat! s - Stop attacking. g - Guard the area. f - Follow me.
Anything else - Cancel.
You shout for attention!
Casting: Magic Dart (safe; 1% risk of failure)
Confirm with . or Enter, or press ? or * to list all spells.
The fire begins to smoulder!
The fire ignites!
Reach: x) +2 trident (venom)
Press: ? - help, Dir - move target, f - acid dragon
Aim: an acid dragon (about 34% to evade your +2 trident of venom)
You reach to attack!
You hit the acid dragon.
The acid dragon is poisoned.
The acid dragon is lightly wounded.
The acid dragon spits acid at you. The splash of acid hits you!
The acid corrodes you!
You are splashed with acid!
Reach: x) +2 trident (venom)
Press: ? - help, Dir - move target, f/p - acid dragon
Aim: an acid dragon (lightly wounded, very poisoned, catching its breath, about 34% to evade your +2 trident of venom)
You reach to attack!
You closely miss the acid dragon.
The acid dragon is lightly wounded.
Unknown command.
Reach: x) +2 trident (venom)
Press: ? - help, Dir - move target, f/p - acid dragon
Aim: an acid dragon (lightly wounded, very poisoned, catching its breath, about 34% to evade your +2 trident of venom)
You reach to attack!
You hit the acid dragon.
The acid dragon looks as sick as possible!
The acid dragon is moderately wounded.
Reach: x) +2 trident (venom)
Press: ? - help, Dir - move target, f/p - acid dragon
Aim: an acid dragon (heavily wounded, extremely poisoned, about 34% to evade your +2 trident of venom)
You reach to attack!
You completely miss the acid dragon.
The acid dragon is heavily wounded.
The acid dragon spits acid at you. The splash of acid hits you!
* * * LOW HITPOINT WARNING * * *
You are splashed with acid!
You die...

#. #>............).$
#..####.............
....###............
......##...........
###
#.#..........##...
....# #....#.##...##
#.# ._...
###.........# .#
.≈... #...#.#.(.####
..≈≈≈ #.###...#D§@.#
# #...≈
#.##.##.#.##.#.#
#...≈
#.......#.##...#
....≈
###...###...#..#
.⌠...
###.....#.##.#####
.....
#...............
..###
#.....#..######
#.... #.#.####..##
##### #....
##..##### ######


You could see an acid dragon (extremely poisoned, catching breath).

Vanquished Creatures
  Grinder (D:3)
  Sigmund (D:3)
  A black bear (D:3)
  2 ice beasts
  A bullfrog zombie (D:5)
  A hound (D:5)
  2 iguanas
  An orc wizard (D:4)
  Terence (D:2)
  Robin (D:2)
  A gnoll (D:1)
  A howler monkey skeleton (D:4)
  2 adders (D:2)
  2 adder skeletons (D:4)
  4 worms
  4 dart slugs
  8 orcs
  8 ball pythons
  4 bats
  7 endoplasms
  4 giant cockroaches
  15 goblins
  15 hobgoblins
  16 jackals
  4 kobolds
  5 quokkas
  3 frilled lizards (D:1)
  3 rats (D:1)
118 creatures vanquished.

Notes
Turn   | Place    | Note
-------+----------+-------------------------------------------
     0 | D:1      | pokeman the Deep Elf Hedge Wizard began the quest for the
                  | Orb.
     0 | D:1      | Reached XP level 1. HP: 10/10 MP: 7/7
   367 | D:1      | Reached XP level 2. HP: 15/15 MP: 1/9
   817 | D:1      | Found a faded altar of an unknown god.
   842 | D:1      | Reached skill level 5 in Spellcasting
   937 | D:1      | Reached XP level 3. HP: 10/20 MP: 0/11
   941 | D:1      | Learned a level 3 spell: Mephitic Cloud
   944 | D:1      | Learned a level 2 spell: Call Imp
   947 | D:1      | Learned a level 2 spell: Blink
   951 | D:1      | Learned a level 3 spell: Conjure Flame
  1389 | D:1      | Reached skill level 1 in Fighting
  1710 | D:2      | Reached skill level 1 in Armour
  1947 | D:2      | Noticed Terence
  2106 | D:2      | Killed Terence
  2107 | D:2      | Reached XP level 4. HP: 24/25 MP: 5/13
  2327 | D:2      | Noticed Robin
  2504 | D:2      | Killed Robin
  2505 | D:2      | Reached skill level 1 in Fire Magic
  3281 | D:3      | Noticed a black bear
  3289 | D:2      | Reached XP level 5. HP: 24/29 MP: 10/15
  3376 | D:3      | Reached skill level 6 in Spellcasting
  3487 | D:3      | Noticed Sigmund
  3509 | D:3      | Killed Sigmund
  3510 | D:3      | Reached skill level 1 in Air Magic
  3510 | D:3      | Reached XP level 6. HP: 24/34 MP: 2/17
  3990 | D:3      | Reached skill level 7 in Spellcasting
  3990 | D:3      | Reached skill level 1 in Poison Magic
  4061 | D:3      | Noticed Grinder
  4062 | D:3      | Paralysed by Grinder for 7 turns
  4089 | D:3      | Killed Grinder
  4090 | D:3      | Reached XP level 7. HP: 22/38 MP: 10/20
  4536 | D:4      | Reached skill level 8 in Spellcasting
  5087 | D:4      | Found Epsauts's General Store.
  5087 | D:4      | Found Eggarchy's Magic Scroll Shoppe.
  5087 | D:4      | Found Hayqixiu's Antique Weapon Shoppe.
  5087 | D:4      | Found Xoiwneil's General Store.
  5108 | D:4      | Bought a scroll of identify for 24 gold pieces
  5112 | D:4      | Bought a scroll of teleportation for 39 gold pieces
  5267 | D:4      | Found the +3 pair of gauntlets of War {Slay+5}
  5754 | D:5      | Entered Level 5 of the Dungeon
  5856 | D:5      | Found an ancient bone altar of Kikubaaqudgha.
  5877 | D:5      | Identified the +5 whip "Vaklihadd" {vamp, rN++ Dex-2}
  5955 | D:5      | Found Dulahoil's Book Boutique.
  5993 | D:5      | Splashed by an acid dragon's acid

Illustrated notes

Levels and vault maps discovered:
D:1:      amcnicky_arrival_single_pillar, layout_basic,
          shapermc_ecumenical_altar_notcrosses, minmay_3d_cube
D:2:      layout_loops_ring, hangedman_decor_push, uniq_terence, uniq_robin
D:3:      layout_basic, serial_park_tiny_2, chequers_serial_rivers_room_a,
          amcnicky_mini_pool_small, uniq_sigmund, uniq_grinder
D:4:      wad_pebble_path, layout_layer_cave, minmay_shop_grid_forest,
          hangedman_abyss_or_decor_stagger, corexii_leaking_fountain
D:5:      layout_rooms, kiku_gazebo_pond_becter, serial_shops, shop,
          minmay_misc_feat_square, water_boxes_lemuel

Skill      XL: |  1  2  3  4  5  6  7 |
---------------+----------------------+-----
Spellcasting   | 5 6 7 8 |  8.9
Fighting       | 1 2 |  2.1
Armour         | 1 |  1.1
Conjurations   | 2 3 4 |  4.5
Fire Magic     | 1 2 |  2.9
Dodging        | 3 |  3.0
Stealth        | 3 |  3.3
Air Magic      | 1 |  1.4
Poison Magic   | 1 |  1.1
Summonings     | |  1.1
Translocations | |  1.1
Evocations     | |  0.4

Action                   |  1- 3 |  4- 6 |  7- 9 || total
-------------------------+-------+-------+-------++-------
Melee: Dagger            |    34 |    14 |       ||    48
       Scythe            |       |     6 |    12 ||    18
       Trident           |       |       |     6 ||     6
 Cast: Magic Dart        |    91 |   119 |    75 ||   285
       Conjure Flame     |     3 |     5 |     6 ||    14
       Mephitic Cloud    |     2 |     2 |     1 ||     5
       Call Imp          |     1 |       |       ||     1
  Use: Scroll            |       |       |     3 ||     3
 Stab: Confused          |     2 |     1 |       ||     3
       Sleeping          |       |       |     1 ||     1
Armor: Leather armour    |     6 |    18 |     4 ||    28
Dodge: Dodged            |    19 |    43 |     3 ||    65

Table legend: (Time is in decaauts)
 A = Elapsed time spent in this place.
 B = Non-inter-level travel time spent in this place.
 C = Inter-level travel time spent in this place.
 D = Time resting spent in this place.
 E = Time spent auto-exploring this place.
 F = Levels seen in this place.
 G = Mean time per level.
                   A        B        C        D        E       F      G
               +--------+--------+--------+--------+--------+-----+--------+
         Total |   6011 |   5846 |    165 |    260 |   4636 |   5 | 1202.2 |
       Dungeon |   6011 |   5846 |    165 |    260 |   4636 |   5 | 1202.2 |
               +--------+--------+--------+--------+--------+-----+--------+

Top non-repeatable levels by time:
     D:2: 1718 daAuts
     D:1: 1633 daAuts
     D:4: 1240 daAuts
     D:3: 1168 daAuts
     D:5: 250 daAuts
